 Dungeon Crawl Stone Soup version 0.32-a0-86-g8db1b9f803 (webtiles) character file.

Game seed: 938139057621776460

164 Newt the Shooter (level 5, -1/33 HPs)
             Began as a Kobold Hunter on Feb 5, 2024.
             Slain by Edmund
             ... wielding a +1 flail of protection
              (3 damage)
             ... on level 4 of the Dungeon.
             The game lasted 00:02:12 (2726 turns).

Newt the Shooter (Kobold Hunter)                    Turns: 2726, Time: 00:02:13

Health: -1/33      AC:  5    Str:  8    XL:     5   Next: 73%
Magic:  14/14      EV: 15    Int: 10    God:
Gold:   133        SH:  0    Dex: 21    Spells: 4/4 levels left

rFire   . . .        a - +0 shortbow
rCold   . . .        (shield currently unavailable)
rNeg    . . .        l - +2 robe "Judud" {MP+9}
rPois   .            (no helmet)
rElec   .            (no cloak)
rCorr   +            (no gloves)
SInv    .            i - +0 pair of boots
Will    .....        (no amulet)
Stlth   +++          g - ring of resist corrosion
HPRegen 0.25/turn    (no ring)
MPRegen 0.14/turn

%: no passive effects
@: invisible
A: small, no large weapons, nightstalker 3
a: no special abilities


You were on level 4 of the Dungeon.
You visited 1 branch of the dungeon, and saw 4 of its levels.

You collected 133 gold pieces.

Inventory:

Hand Weapons
 a - a +0 shortbow (weapon)
Armour
 c - a +0 leather armour
 i - a +0 pair of boots (worn)
 l - the +2 robe "Judud" (worn) {MP+9}
   (You found it on level 3 of the Dungeon)

   MP+9:      It affects your magic capacity (+9).
Jewellery
 g - a ring of resist corrosion (left hand)
Scrolls
 b - a scroll of butterflies
Potions
 h - a potion of might {unknown}
 j - a potion of degeneration {unknown}


   Skills:
 + Level 3.9 Fighting
 * Level 7.7 Ranged Weapons
 - Level 2.4 Dodging
 - Level 1.3 Stealth


You had 4 spell levels left.
You didn't know any spells.
Your spell library contained the following spells:

 Spells                   Type           Power      Damage    Failure   Level
 Ensorcelled Hibernation  Hex/Ice        0%         N/A       50%         2
 Fugue of the Fallen      Necr           0%         N/A       75%         3
 Anguish                  Hex/Necr       0%         N/A       98%         4


Dungeon Overview and Level Annotations

Branches:
Dungeon (4/15)
 Temple: D:4-7

Altars:
Cheibriados
Vehumet

Annotations:
D:4 Edmund


Innate Abilities, Weirdness & Mutations

You are small and have problems with some larger weapons.
You are completely attuned to the shadows.


Message History

* * * LOW HITPOINT WARNING * * *
As you read the scroll of fear, it crumbles to dust.
You assume a fearsome visage.
Edmund looks frightened!
Edmund gives up.
Fire: a) +0 shortbow
Press: ? - help, Shift-Dir - straight line, f/p - Edmund
Aim: Edmund, wielding a +1 flail of protection and wearing a +0 leather armour (severely wounded, fleeing, 66% to hit)
You shoot an arrow. The arrow hits Edmund.
Your attack snaps Edmund out of his fear.
Edmund is almost dead.
Unknown command.
Fire: a) +0 shortbow
Press: ? - help, Shift-Dir - straight line, f/p - Edmund
Aim: Edmund, wielding a +1 flail of protection and wearing a +0 leather armour (almost dead, 66% to hit)
You shoot an arrow. The arrow closely misses Edmund.
Edmund says, "Everyone always remembers my brother. 'Who's Edmund?' they ask!"
Unknown command.
Fire: a) +0 shortbow
Press: ? - help, Shift-Dir - straight line, f/p - Edmund
Aim: Edmund, wielding a +1 flail of protection and wearing a +0 leather armour (almost dead, 66% to hit)
You shoot an arrow. The arrow hits Edmund.
Edmund is almost dead.
Unknown command.
Fire: a) +0 shortbow
Press: ? - help, Shift-Dir - straight line, f/p - Edmund
Aim: Edmund, wielding a +1 flail of protection and wearing a +0 leather armour (almost dead, 66% to hit)
You shoot an arrow.
The arrow hits Edmund but does no damage.
Edmund is almost dead.
Edmund hits you with a +1 flail of protection.
* * * LOW HITPOINT WARNING * * *
Unknown command.
You feel better.
Edmund hits you with a +1 flail of protection!
* * * LOW HITPOINT WARNING * * *
It was a potion of invisibility.
You fade into invisibility!
Edmund hits you with a +1 flail of protection.
You die...
Edmund says, "That'll show my brother!"

#.....(#
#......#
#...)..#
##......#
...@@?...
#..#<##..
.. #....#
# #.....
....$.
......


You could see Edmund (unable to see you).

Vanquished Creatures
  3 adders
  5 gnolls
  3 ribbon worms (D:2)
  A dart slug (D:3)
  3 endoplasms (D:1)
  2 giant cockroaches
  7 goblins
  14 hobgoblins
  6 jackals (D:1)
  7 kobolds
  3 quokkas
  5 ball pythons
  5 bats
  6 frilled lizards
  6 rats
76 creatures vanquished.

Notes
Turn   | Place    | Note
-------+----------+-------------------------------------------
     0 | D:1      | Newt the Kobold Hunter began the quest for the Orb.
     0 | D:1      | Reached XP level 1. HP: 12/12 MP: 1/1
    70 | D:1      | Reached XP level 2. HP: 18/18 MP: 2/2
   229 | D:1      | Reached skill level 6 in Ranged Weapons
   239 | D:1      | Reached XP level 3. HP: 22/22 MP: 3/3
   721 | D:1      | Found a faded altar of an unknown god.
  1118 | D:2      | Reached XP level 4. HP: 25/28 MP: 4/4
  1233 | D:2      | Found a snail-covered altar of Cheibriados.
  1357 | D:2      | Reached skill level 7 in Ranged Weapons
  1371 | D:2      | Reached XP level 5. HP: 18/32 MP: 5/5
  1924 | D:3      | Found a radiant altar of Vehumet.
  1934 | D:3      | Identified the +2 robe "Judud" {MP+9}
  2704 | D:4      | Noticed Edmund
  2726 | D:4      | Slain by Edmund

Illustrated notes

Levels and vault maps discovered:
D:1:      beargit_arrival_greenhouse, layout_basic,
          shapermc_ecumenical_altar_starsandcircs
D:2:      layout_basic, basic_altar
D:3:      layout_loops_ring, mainiacjoe_overflow_small_starburst
D:4:      layout_rooms, uniq_edmund, uniq_robin, uniq_crazy_yiuf_cottage

Skill      XL: |  1  2  3  4 |
---------------+-------------+-----
Ranged Weapons | 6 7 |  7.7
Fighting       | 3 |  3.9
Dodging        | |  2.4
Stealth        | |  1.3

Action                     |  1- 3 |  4- 6 || total
---------------------------+-------+-------++-------
   Fire: Shortbow          |    77 |   145 ||   222
    Use: Scroll            |     1 |     4 ||     5
         Potion            |       |     2 ||     2
 Armour: Leather armour    |     8 |    25 ||    33
         Robe              |       |    18 ||    18
  Dodge: Dodged            |    18 |    48 ||    66

Table legend: (Time is in decaauts)
 A = Elapsed time spent in this place.
 B = Non-inter-level travel time spent in this place.
 C = Inter-level travel time spent in this place.
 D = Time resting spent in this place.
 E = Time spent auto-exploring this place.
 F = Levels seen in this place.
 G = Mean time per level.
                   A        B        C        D        E       F      G
               +--------+--------+--------+--------+--------+-----+--------+
         Total |   2749 |   2633 |    116 |    181 |   2053 |   4 |  687.2 |
       Dungeon |   2749 |   2633 |    116 |    181 |   2053 |   4 |  687.2 |
               +--------+--------+--------+--------+--------+-----+--------+

Top non-repeatable levels by time:
     D:1: 1077 daAuts
     D:2: 859 daAuts
     D:3: 788 daAuts
     D:4: 23 daAuts
